AoeStats
← ManOWar14

Black Forest

508280012Analyzed
3v3 RM · 10d ago on Sep 21, 2026· 52m 45s· 6 players
Game mode
Random Map
Map size
Normal (6 player)
Population
200
Speed
Normal
Resources
Standard
Victory
Conquest
Starting age
Dark Age
Ending age
Imperial Age
RankedLock teamsTeams togetherTeam positionsShared explorationLock speedFull tech treeHidden civsTurbo modeCheats
Victory
Defeat
🇲🇽 Bohemians · Mexico
851
+12
🇪🇸 Khmer · Spain
806
+13
🇺🇸 Wei · United States
678
+19
🇮🇳 Saracens · India
823
-18
🇹🇷 Tatars · Türkiye
731
-14
🇹🇷 Teutons · Türkiye
691
-12
BLYAAAT
5:51 Loom
13:47 Feudal Age
15:20 Horse Collar
15:26 Double-Bit Axe
16:22 Stone Mining
26:38 Castle Age
25:54 Gold Mining
27:34 Bow Saw
27:28 Heavy Plow
35:02 Imperial Age
33:52 Scale Barding Armor
33:58 Forging
34:00 Bloodlines
33:51 Husbandry
34:54 Chain Barding Armor
35:28 Iron Casting
35:56 Gold Shaft Mining
36:38 Ballistics
37:30 Chemistry
37:20 Conscription
38:50 Plate Barding Armor
39:30 Blast Furnace
39:15 Elite Mameluke
41:02 Caravan
oguayd
12:55 Feudal Age
11:13 Loom
14:23 Wheelbarrow
14:29 Double-Bit Axe
18:12 Horse Collar
22:50 Gold Mining
22:50 Stone Mining
27:43 Castle Age
31:22 Bow Saw
31:53 Gold Shaft Mining
32:17 Hand Cart
33:38 Heavy Plow
39:47 Imperial Age
38:47 Arson
39:02 Squires
38:23 Pikeman
39:08 Silk Armor
40:25 Ballistics
41:41 Chemistry
41:20 Conscription
40:34 Sappers
40:29 Halberdier
40:35 Elite Steppe Lancer
42:07 Coinage
41:38 Caravan
41:49 Guilds
41:47 Treadmill Crane
42:26 Cavalier
43:07 Husbandry
43:49 Banking
43:47 Bloodlines
42:58 Light Cavalry
44:40 Timurid Siegecraft
44:03 Elite Skirmisher
ozgurulas90
15:41 Feudal Age
21:13 Castle Age
18:56 Horse Collar
19:08 Gold Mining
19:41 Double-Bit Axe
20:59 Stone Mining
22:46 Bow Saw
22:40 Heavy Plow
23:54 Ironclad
29:05 Forging
28:55 Scale Mail Armor
30:56 Iron Casting
30:50 Town Watch
33:06 Chain Mail Armor
34:49 Scale Barding Armor
34:35 Fletching
34:45 Padded Archer Armor
34:34 Loom
39:14 Imperial Age
37:49 Chain Barding Armor
41:36 Crop Rotation
42:15 Two-Man Saw
42:14 Onager
46:11 Cavalier
ramparrondo
0:32 Loom
18:57 Feudal Age
19:22 Horse Collar
19:31 Double-Bit Axe
22:10 Gold Mining
22:11 Stone Mining
26:50 Castle Age
27:43 Heavy Plow
27:54 Bow Saw
28:29 Caravan
29:14 Gold Shaft Mining
29:18 Stone Shaft Mining
32:11 Wheelbarrow
31:25 Town Watch
33:29 Hand Cart
34:47 Fortified Wall
34:33 Murder Holes
34:59 Ballistics
38:57 Imperial Age
36:46 Town Patrol
37:34 Masonry
40:03 Conscription
39:04 Elite Ballista Elephant
40:56 Double Crossbow
42:15 Chemistry
42:59 Siege Engineers
ManOWar14
11:33 Feudal Age
12:26 Double-Bit Axe
12:23 Horse Collar
20:15 Castle Age
18:12 Fletching
21:53 Bow Saw
23:47 Heavy Plow
28:47 Bloodlines
31:20 Imperial Age
29:39 Stone Mining
29:44 Gold Mining
31:09 Town Watch
31:10 Loom
32:13 Fortified Wall
33:38 Ballistics
33:13 Murder Holes
34:41 Onager
39:06 Crop Rotation
38:11 Heavy Hei Guang Cavalry
39:03 Bloodlines
38:53 Husbandry
41:04 Caravan
41:45 Coinage
42:13 Scale Barding Armor
42:18 Forging
42:04 Bodkin Arrow
42:10 Padded Archer Armor
42:17 Scale Mail Armor
44:46 Chemistry
43:56 Masonry
43:27 Treadmill Crane
44:26 Iron Casting
44:12 Chain Barding Armor
47:33 Hoardings
47:25 Ming Guang Armor
50:51 Banking
50:33 Tuntian
juanmartincr90
0:28 Loom
12:36 Feudal Age
13:09 Double-Bit Axe
15:16 Wheelbarrow
14:30 Horse Collar
18:32 Town Watch
21:18 Town Watch
23:45 Castle Age
24:53 Bow Saw
25:00 Hand Cart
24:56 Heavy Plow
25:16 Caravan
30:48 Chemistry
30:01 Fortified Wall
30:14 Treadmill Crane
30:46 Masonry
32:05 Ballistics
31:15 Pikeman
32:38 Forging
32:28 Scale Mail Armor
37:27 Imperial Age
35:20 Squires
37:20 Town Patrol
38:17 Siege Engineers
38:51 Conscription
38:39 Wagenburg Tactics
39:49 Two-Man Saw
40:00 Houfnice
41:31 Fletching
41:41 Padded Archer Armor
41:48 Scale Barding Armor
42:15 Architecture
43:41 Elite Hussite Wagon
45:40 Capped Ram
46:28 Halberdier
47:58 Arson
48:52 Iron Casting
48:32 Chain Mail Armor
53:39 Blast Furnace
53:09 Plate Mail Armor
52:36 Bodkin Arrow
52:56 Leather Archer Armor
53:02 Chain Barding Armor
52:39 Murder Holes
53:06 Bombard Tower
52:31 Arrowslits
52:37 Guard Tower
Connection lost

Rejoining the realm…

Still unreachable

The connection could not be restored.

Session expired

The server has moved on; the page needs a fresh start.